 Dungeon Crawl Stone Soup version 0.32-a0-961-gd60f5e5fc7 (webtiles) character file.

Game seed: 3474518589880874224

254 DrKenneth the Trooper (level 5, -5/48 HPs)
             Began as a Minotaur Fighter on Apr 18, 2024.
             Slain by Edmund
             ... wielding a +4 heavy dire flail
              (12 damage)
             ... on level 4 of the Dungeon.
             The game lasted 00:07:02 (2475 turns).

DrKenneth the Trooper (Minotaur Fighter)            Turns: 2475, Time: 00:07:03

Health: -5/48      AC: 10    Str: 23    XL:     5   Next: 91%
Magic:  4/4        EV:  9    Int:  5    God:
Gold:   128        SH:  4    Dex:  9    Spells: 4/4 levels left

rFire   . . .        a - +0 war axe
rCold   . . .        c - +0 buckler
rNeg    . . .        s - +2 ring mail {rPois}
rPois   +            (helmet restricted)
rElec   .            (no cloak)
rCorr   .            n - +0 pair of gloves
SInv    .            i - +0 pair of boots
Will    .....        (no amulet) Stlth
                     (no ring)
HPRegen 0.28/turn    (no ring)
MPRegen 0.09/turn

%: no passive effects
@: no status effects
A: horns 2, retaliatory headbutt
a: no special abilities


You were on level 4 of the Dungeon.
You visited 1 branch of the dungeon, and saw 4 of its levels.

You collected 128 gold pieces.

Inventory:

Hand Weapons
 a - a +0 war axe (weapon)
Armour
 b - a +0 scale mail
 c - a +0 buckler (worn)
 i - a +0 pair of boots (worn)
 n - a +0 pair of gloves (worn)
 p - the +8 chain mail of Defiance {rF+ rC+ Will+ Str-2}
   (You found it on level 3 of the Dungeon)

   Str-2:     It affects your strength (-2).
   rF+:       It protects you from fire.
   rC+:       It protects you from cold.
   Will+:     It increases your willpower.
 s - a +2 ring mail of poison resistance (worn)
Scrolls
 e - a scroll of amnesia
 f - a scroll of identify
 h - a scroll of brand weapon {unknown}
 o - a scroll of immolation {unknown}
 q - 2 scrolls of teleportation {unknown}
 r - a scroll of revelation {unknown}
Potions
 d - a potion of might
 g - a potion of heal wounds
 j - 3 potions of enlightenment {unknown}
 k - a potion of degeneration {unknown}
 l - a potion of magic {unknown}
 m - a potion of haste {unknown}


   Skills:
 + Level 5.1 Fighting
 + Level 4.2 Axes
 + Level 5.1 Armour
 + Level 5.1 Shields


You had 4 spell levels left.
You didn't know any spells.
Your spell library contained the following spells:

 Spells                   Type           Power      Damage    Failure   Level
 Ensorcelled Hibernation  Hex/Ice        0%         N/A       82%         2
 Fugue of the Fallen      Necr           0%         N/A       96%         3
 Anguish                  Hex/Necr       0%         N/A       100%        4


Dungeon Overview and Level Annotations

Branches:
Dungeon (4/15)
 Temple: D:4-7

Altars:

Shops:
D:2 !

Annotations:
D:4 Edmund


Innate Abilities, Weirdness & Mutations

You have a pair of horns on your head.
You reflexively headbutt those who attack you in melee.


Message History

The orc is lightly wounded.
The orc hits you with a +0 trident.
You slash the orc!
You kill the orc!
Things that are here:
a +0 trident; a +0 chain mail; an orc corpse
q - 2 scrolls labelled YTHRAM MUAWEJIG (gained 1)
Things that are here:
a +0 club; an orc corpse
Found a stone staircase leading down.
j - 3 pink potions (gained 1)
You see here a +3 dagger of freezing.
Edmund the Younger comes into view.
He is wielding a +4 heavy dire flail.
Found a stone staircase leading up.
Found a leather armour.
Edmund hits you with a +4 heavy dire flail.
You barely miss Edmund. You hit Edmund.
Edmund is lightly wounded.
Edmund hits you with a +4 heavy dire flail!!
You barely miss Edmund. You headbutt Edmund!
Edmund is moderately wounded.
Edmund hits you with a +4 heavy dire flail!
* * * LOW HITPOINT WARNING * * *
You are too injured to fight recklessly!
You hit Edmund. You headbutt Edmund.
Edmund is moderately wounded.
You block Edmund's attack.
You hit Edmund.
Edmund is moderately wounded.
Edmund hits you with a +4 heavy dire flail.
* * * LOW HITPOINT WARNING * * *
You hit Edmund but do no damage.
Edmund is moderately wounded.
You block Edmund's attack.
You slash Edmund! You headbutt Edmund!
Edmund is severely wounded.
Edmund hits you with a +4 heavy dire flail!
You die...
Edmund says, "That'll show my brother!"

.....[.. ...# #.....#
.......# ##..###.....<..
#......###<..>..........
#.......##....##........
.........#)...##........
.........)....##.......#
........#)[##...........
...######..##...........
....###....##...@......[
............#....@......
#...........#..?.......#
.........)............##
.............#......#
....#.......####....#
#..##.....### ...... ..#
#.....# ...... ..
#.....#


You could see Edmund.

Vanquished Creatures
  A scorpion (D:4)
  An orc priest (D:4)
  3 orc wizards
  2 adders (D:2)
  A dart slug (D:1)
  2 ribbon worms (D:2)
  5 orcs
  8 bats
  6 endoplasms
  2 giant cockroaches
  6 hobgoblins
  6 quokkas
  8 ball pythons
  3 frilled lizards
  5 goblins
  5 kobolds
  5 rats
69 creatures vanquished.

Notes
Turn   | Place    | Note
-------+----------+-------------------------------------------
     0 | D:1      | DrKenneth the Minotaur Fighter began the quest for the Orb.
     0 | D:1      | Reached XP level 1. HP: 19/19 MP: 0/0
   109 | D:1      | Reached XP level 2. HP: 17/27 MP: 1/1
   614 | D:2      | Reached XP level 3. HP: 33/33 MP: 2/2
   921 | D:2      | Reached XP level 4. HP: 40/40 MP: 3/3
  1252 | D:2      | Found Taloroh's Distillery.
  1752 | D:3      | Identified the +8 chain mail of Defiance {rF+ rC+ Will+
                  | Str-2}
  2002 | D:3      | Reached XP level 5. HP: 47/47 MP: 4/4
  2431 | D:4      | Reached skill level 5 in Fighting
  2431 | D:4      | Reached skill level 5 in Armour
  2431 | D:4      | Reached skill level 5 in Shields
  2465 | D:4      | Noticed Edmund
  2475 | D:4      | Slain by Edmund

Illustrated notes

Levels and vault maps discovered:
D:1:      mainiacjoe_arrival_reflecting_pool, layout_rooms
D:2:      layout_basic, serial_shops, shop, chequers_decorated_corner,
          minmay_guardbox
D:3:      layout_basic
D:4:      layout_cave_pools, minmay_temple_entry_grid, uniq_edmund

Skill      XL: |  1  2  3  4  5 |
---------------+----------------+-----
Shields        | 4 5 |  5.1
Fighting       | 4 5 |  5.1
Armour         | 4 5 |  5.1
Axes           | 3 4 |  4.2

Action                     |  1- 3 |  4- 6 || total
---------------------------+-------+-------++-------
  Melee: War axe           |   108 |    75 ||   183
         Headbutt          |     7 |     5 ||    12
    Use: Scroll            |     1 |     1 ||     2
 Armour: Scale mail        |   120 |    44 ||   164
         Ring mail         |       |    59 ||    59
  Dodge: Dodged            |    74 |    39 ||   113
  Block: Buckler           |    25 |    16 ||    41

Table legend: (Time is in decaauts)
 A = Elapsed time spent in this place.
 B = Non-inter-level travel time spent in this place.
 C = Inter-level travel time spent in this place.
 D = Time resting spent in this place.
 E = Time spent auto-exploring this place.
 F = Levels seen in this place.
 G = Mean time per level.
                   A        B        C        D        E       F      G
               +--------+--------+--------+--------+--------+-----+--------+
         Total |   2541 |   2203 |    338 |    325 |   1362 |   4 |  635.2 |
       Dungeon |   2541 |   2203 |    338 |    325 |   1362 |   4 |  635.2 |
               +--------+--------+--------+--------+--------+-----+--------+

Top non-repeatable levels by time:
     D:3: 929 daAuts
     D:2: 879 daAuts
     D:1: 627 daAuts
     D:4: 105 daAuts
